 Dungeon Crawl Stone Soup version 0.28-a0-723-g095bd1b (webtiles) character file.

Game seed: 14490494785432492768

379 NeededCrab the Skirmisher (level 6, -1/43 (49) HPs)
             Began as a Demonspawn Monk on Oct 25, 2021.
             Slain by a wight (2 damage)
             ... on level 3 of the Dungeon.
             The game lasted 00:08:28 (4349 turns).

NeededCrab the Skirmisher (Demonspawn Monk)         Turns: 4349, Time: 00:08:29

HP:   -1/43 (49)    AC: 10    Str: 13    XL:     6   Next: 45%
MP:   6/6           EV:  8    Int: 11    God:
Gold: 174           SH:  0    Dex: 16    Spells: 5/5 levels left

rFire   . . .      SeeInvis .     - Unarmed
rCold   . . .      Faith    .   (no shield)
rNeg    . . .      Spirit   .   q - +0 chain mail {rPois}
rPois   +          Reflect  .   m - +0 helmet
rElec   .          Harm     .   (no cloak)
rCorr   .          Rampage  .   (no gloves)
Will    .....                   (no boots)
Stlth   ..........              c - amulet of the acrobat
HPRegen 0.14/turn               (no ring)
MPRegen 0.10/turn               (no ring)

@: heavily drained
A: claws 2, ignite blood 1, sturdy frame 1
a: no special abilities


You were on level 3 of the Dungeon.
You visited 1 branch of the dungeon, and saw 4 of its levels.

You collected 174 gold pieces.

Inventory:

Hand Weapons
 a - a +0 mace
 g - a +1 whip of electrocution
 k - a +0 flail
Armour
 m - a +0 helmet (worn)
 q - a +0 chain mail of poison resistance (worn)
Jewellery
 c - an amulet of the acrobat (around neck)
Scrolls
 d - 2 scrolls of identify {unknown}
 e - a scroll of enchant armour {unknown}
 h - 4 scrolls of teleportation {unknown}
 j - 2 scrolls of amnesia {unknown}
 l - a scroll of silence {unknown}
 p - a scroll of immolation {unknown}
Potions
 f - 3 potions of brilliance {unknown}
 n - a potion of mutation {unknown}
 o - a potion of curing {unknown}


   Skills:
 + Level 4.6 Fighting
 - Level 3.3 Maces & Flails
 + Level 2.9 Armour
 - Level 2.6 Dodging
 - Level 1.7 Stealth
 * Level 3.2 Unarmed Combat


You had 5 spell levels left.
You didn't know any spells.
Your spell library was empty.

Dungeon Overview and Level Annotations

Branches:
Dungeon (4/15)
 Temple: D:4-7

Altars:
The Shining One


Innate Abilities, Weirdness & Mutations

You have very sharp fingernails.
Your demonic aura sometimes causes spilled blood to erupt in flames.
Your movements are slightly less encumbered by armour. (ER -2)


Message History

The wight is moderately damaged.
The wight hits you but does no damage.
You scratch the wight but do no damage.
The wight is moderately damaged.
The wight barely misses you.
You scratch the wight.
The wight is heavily damaged.
The wight closely misses you.
Your chain mail prevents you from hitting the wight.
The wight is heavily damaged.
The wight hits you with a +0 long sword!
You scratch the wight.
The wight is almost destroyed.
The wight completely misses you.
You closely miss the wight.
The wight is almost destroyed.
The wight barely misses you.
You scratch the wight.
You destroy the wight!
You scratch the wight.
The wight is lightly damaged.
You completely miss the wight.
The wight is lightly damaged.
The wight hits you with a +2 battleaxe.
You feel drained.
You closely miss the wight.
The wight is lightly damaged.
The wight hits you with a +2 battleaxe.
You scratch the wight.
The wight is heavily damaged.
The wight hits you with a +2 battleaxe.
You scratch the wight. Your claw misses the wight.
The wight is heavily damaged.
The wight hits you with a +2 battleaxe.
* * * LOW HITPOINT WARNING * * *
You closely miss the wight.
The wight is heavily damaged.
The wight hits you with a +2 battleaxe!
* * * LOW HITPOINT WARNING * * *
You feel drained.
You die...

....##.....#.....# ##.........
.<..##...........# #.#.......
##..##..##.#.....#######.#.......
#...##..##.#####>.[......+......#
#.#.#.#........)..##.###.#......'
........##.....#z.##.# ###......#
......#.####.#.#.###.#####....[.#
........# ##.#z## #....##..>...#
.[....### #.###@# #....##......#
..>....# ##.#.## #....#########
......## #.#.#.# #...<..#
.......# ##.#.## #......#
#.#.#.## #.###.# #......#######
..#..## ##.#.## #<............
..##.# #.#.#.# ###......)....
..##.# ##.#.## #...........
.###.## #.###.# #####.......


You could see a wight.

Vanquished Creatures
  2 wights
  A centaur skeleton (D:4)
  An orc priest (D:4)
  2 orc wizards
  Robin (D:2)
  6 adders
  3 gnolls
  An adder skeleton (D:4)
  6 orcs
  6 ball pythons
  6 bats
  7 endoplasms
  6 giant cockroaches
  9 hobgoblins
  7 jackals
  3 quokkas (D:3)
  2 frilled lizards (D:3)
  12 goblins
  6 kobolds
  3 rats
90 creatures vanquished.

Notes
Turn   | Place    | Note
-------+----------+-------------------------------------------
     0 | D:1      | NeededCrab the Demonspawn Monk began the quest for the Orb.
     0 | D:1      | Reached XP level 1. HP: 18/18 MP: 1/1
   524 | D:1      | Gained mutation: Your movements are slightly less
                  | encumbered by armour. (ER -2) [demonic ancestry]
   524 | D:1      | Reached XP level 2. HP: 10/24 MP: 2/2
   906 | D:1      | Reached skill level 1 in Armour
  1171 | D:1      | Reached XP level 3. HP: 29/29 MP: 3/3
  1970 | D:2      | Gained mutation: You have sharp fingernails. [demonic
                  | ancestry]
  1970 | D:2      | Reached XP level 4. HP: 28/37 MP: 4/4
  2168 | D:2      | Noticed Robin
  2199 | D:2      | Killed Robin
  2391 | D:2      | Reached skill level 1 in Unarmed Combat
  2913 | D:3      | Reached skill level 4 in Fighting
  2959 | D:3      | Gained mutation: You have very sharp fingernails. [demonic
                  | ancestry]
  2959 | D:3      | Reached XP level 5. HP: 32/42 MP: 5/5
  4066 | D:4      | Gained mutation: Your demonic aura sometimes causes spilled
                  | blood to erupt in flames. [demonic ancestry]
  4066 | D:4      | Reached XP level 6. HP: 45/49 MP: 6/6
  4349 | D:3      | HP: 1/45 [wight (11)]
  4349 | D:3      | Slain by a wight

Illustrated notes

Levels and vault maps discovered:
D:1:      beargit_arrival_greenhouse, layout_basic, minmay_cupped
D:2:      layout_basic, uniq_robin
D:3:      layout_basic, mainiacjoe_overflow_brackets, roderic_roman_lattice,
          st_stairs_4
D:4:      layout_basic, lemuel_coloured_pillars_altar, kennysheep_minor_cross,
          kennysheep_generic_room_9

Skill      XL: |  1  2  3  4  5  6 |
---------------+-------------------+-----
Maces & Flails | 3 |  3.3
Armour         | 1 2 |  2.9
Unarmed Combat | 1 2 3 |  3.2
Fighting       | 4 |  4.6
Dodging        | |  2.6
Stealth        | |  1.7

Action                   |  1- 3 |  4- 6 || total
-------------------------+-------+-------++-------
Melee: Mace              |    50 |       ||    50
       Whip              |    60 |   165 ||   225
       Punch             |       |     1 ||     1
       Unarmed           |       |    32 ||    32
 Stab: Sleeping          |     3 |       ||     3
Armor: Robe              |    10 |       ||    10
       Scale mail        |    29 |    64 ||    93
       Chain mail        |       |     2 ||     2
Dodge: Dodged            |    85 |   117 ||   202

Table legend: (Time is in decaauts)
 A = Elapsed time spent in this place.
 B = Non-inter-level travel time spent in this place.
 C = Inter-level travel time spent in this place.
 D = Time resting spent in this place.
 E = Time spent auto-exploring this place.
 F = Levels seen in this place.
 G = Mean time per level.
                   A        B        C        D        E       F      G
               +--------+--------+--------+--------+--------+-----+--------+
         Total |   4354 |   4266 |     88 |    561 |   2922 |   4 | 1088.5 |
       Dungeon |   4354 |   4266 |     88 |    561 |   2922 |   4 | 1088.5 |
               +--------+--------+--------+--------+--------+-----+--------+

Top non-repeatable levels by time:
     D:1: 1956 daAuts
     D:3: 1293 daAuts
     D:2: 932 daAuts
     D:4: 171 daAuts
